 Dungeon Crawl Stone Soup version 0.28-a0-653-g7e9dba17c3 (webtiles) character file.

Game seed: 9719796966348856374

298 SkeletonJelly the Shield-Bearer (level 6, 0/59 HPs)
             Began as a Troll Fighter on Oct 12, 2021.
             Was a Follower of Uskayaw.
             Slain by an orc (4 damage)
             ... on level 4 of the Dungeon.
             The game lasted 00:06:20 (2825 turns).

SkeletonJelly the Shield-Bearer (Troll Fighter)     Turns: 2825, Time: 00:06:20

Health: 0/59       AC:  4    Str: 27    XL:     6   Next: 13%
Magic:  5/5        EV:  8    Int:  4    God:    Uskayaw [*.....]
Gold:   156        SH:  8    Dex:  9    Spells: 5/5 levels left

rFire   . . .      SeeInvis .     - Unarmed
rCold   . . .      Faith    .   b - +0 kite shield
rNeg    . . .      Spirit   .   a - +0 robe
rPois   .          Reflect  .   (helmet restricted)
rElec   .          Harm     .   (no cloak)
rCorr   .          Rampage  .   (gloves unavailable)
Will    .....                   (boots unavailable)
Stlth   +.........              (no amulet)
HPRegen 1.19/turn               (no ring)
MPRegen 0.09/turn               (no ring)

@: no status effects
A: large, unfitting armour, claws 3, regeneration 1, shaggy fur 1, tough skin 1
a: Renounce Religion, Stomp


You were on level 4 of the Dungeon.
You worshipped Uskayaw.
Uskayaw was noncommittal.
You visited 2 branches of the dungeon, and saw 5 of its levels.

You collected 156 gold pieces.

Inventory:

Missiles
 j - 29 poisoned darts (quivered)
Armour
 a - a +0 robe (worn)
 b - a +0 kite shield (worn)
Jewellery
 m - a +4 ring of protection
Scrolls
 d - 2 scrolls of identify {unknown}
 e - a scroll of enchant armour {unknown}
 g - a scroll of holy word {unknown}
Potions
 c - a potion of might
 k - a potion of invisibility {unknown}
 l - a potion of ambrosia


   Skills:
 - Level 2.4 Fighting
 - Level 2.4 Dodging
 * Level 4.9 Shields
 + Level 4.0 Unarmed Combat


You had 5 spell levels left.
You didn't know any spells.
Your spell library contained the following spells:

 Spells                   Type           Power      Damage    Failure   Level
 Leda's Liquefaction      Hex/Erth       0%         N/A       100%        4
 Lee's Rapid Deconstruct  Erth           0%         3d5*      100%        5
 Statue Form              Tmut/Erth      0%         N/A       100%        6


Dungeon Overview and Level Annotations

Branches:
Dungeon (4/15)             Temple (1/1) D:4

Altars:
Ashenzari
Cheibriados
Dithmenos
Elyvilon
Fedhas
Kikubaaqudgha
Nemelex Xobeh
Okawaru
Uskayaw
Vehumet
Wu Jian
Yredelemnul
The Shining One


Innate Abilities, Weirdness & Mutations

You are too large for most types of armour.
You have claws for hands.
Your natural rate of healing is unusually fast.
You are covered in fur. (AC +1)
You have tough skin. (AC +1)


Message History

There are monsters nearby! 2 orcs come into view.
Found 7 gold pieces.
The orc shouts!
The orc priest mumbles some strange prayers to Beogh against you.
Pain shoots through your body!
You take 5 damage, and have 54/59 hp.
You barely miss the orc priest.
The orc shouts!
The orc priest barely misses you.
You scratch the orc priest.
The orc priest is lightly wounded.
You recover from your berserk rage.
The quokka closely misses you.
You barely miss the orc priest.
The orc priest is lightly wounded.
The quokka bites you but does no damage.
You block the orc priest's attack. The orc wizard casts a spell at you.
You are confused.
The quokka closely misses you.
You regained 2 hp, and now have 58/59 hp.
You are too confused!
You are too confused!
You are too confused!
You are too confused!
You are too confused!
You are too confused!
You are too confused!
You are too confused!
You bump into the rock wall.
The orc priest hits you with a +0 flail.
The orc wizard hits you with a +0 dagger.
The quokka closely misses you.
You take 4 damage, and have 54/59 hp.
You barely miss the orc wizard. The quokka bites you.
The orc priest barely misses you.
The orc wizard hits you but does no damage.
You barely miss the orc wizard. The quokka bites you.
The orc priest hits you with a +0 flail.
The orc wizard hits you but does no damage.
You take 2 damage, and have 52/59 hp.
You miss the orc wizard. The quokka bites you.
The orc priest hits you with a +0 flail!
The orc wizard mumbles some strange words.
The orc wizard flickers and vanishes!
Deactivating autopickup; reactivate with Ctrl-A.
The quokka bites you but does no damage.
You take 8 damage, and have 44/59 hp.
You bump into the rock wall.
Something hits you but does no damage. The quokka bites you.
You closely miss the orc priest.
The orc priest is lightly wounded.
The orc priest barely misses you. The quokka bites you.
You bump into the rock wall.
You feel less confused.
The orc priest hits you with a +0 flail!
You block the quokka's attack. The orc hits you with a +0 short sword.
You take 9 damage, and have 35/59 hp.
You barely miss the orc. You block the quokka's attack.
The orc priest invokes the aid of Beogh against you.
You barely resist. Something hits you but does no damage.
You block the orc's attack.
You claw the orc!
You kill the orc!
You block the quokka's attack. The orc priest barely misses you.
Something completely misses you. The quokka bites you.
Your Unarmed Combat skill increases to level 4!
You take 1 damage, and have 35/59 hp.
You closely miss the orc.
The orc priest hits you with a +0 flail.
Something hits you. You block the orc's attack. The quokka bites you.
You take 4 damage, and have 31/59 hp.
You scratch the orc.
The orc is severely wounded.
The orc priest hits you with a +0 flail.
The quokka bites you but does no damage.
Something hits you but does no damage. The orc misses you.
You block the orc priest's attack.
You take 5 damage, and have 26/59 hp.
You scratch the orc.
You kill the orc!
The quokka barely misses you. Something hits you.
The quokka bites you but does no damage.
The orc priest invokes the aid of Beogh against you.
Beogh smites you!
* * * LOW HITPOINT WARNING * * *
You take 15 damage, and have 11/59 hp.
MASSIVE DAMAGE!!
You scratch the orc but do no damage. Something hits you.
* * * LOW HITPOINT WARNING * * *
You block the orc's attack. The quokka bites you.
* * * LOW HITPOINT WARNING * * *
You block the orc priest's attack.
You hear some strange, mumbled words.
A puff of flame appears from out of thin air!
The puff of flame hits you.
* * * LOW HITPOINT WARNING * * *
You scratch the orc but do no damage. The quokka barely misses you.
The orc hits you with a +0 dagger.
You die...

.#.. .... # ...
.. ###.. #....
... ##...
#....# #
....##...
##.....# ####..
..$...ro#
##......#
......
#{@####.......#
.#####
##o..##.......#
..##
##..........#
## ...#
###........#
##. ...#
##....#..# ##..
...# #....#..#
#... ...#
#....)..###...
...#
#####...##....
...# ##..##....


You could see an orc priest, an orc and a quokka.

Vanquished Creatures
  A scorpion (D:4)
  A hound (D:3)
  2 iguanas (D:4)
  An orc wizard (D:4)
  An adder (D:3)
  An ufetubus (D:4)
  4 dart slugs
  11 orcs
  10 endoplasms
  A giant cockroach (D:1)
  7 goblins
  6 hobgoblins
  9 jackals
  A quokka (D:2)
  8 ball pythons
  9 bats
  2 frilled lizards (D:1)
  7 kobolds
  7 rats
89 creatures vanquished.

Vanquished Creatures (others)
  10 plants (D:3)
10 creatures vanquished.

Grand Total: 99 creatures vanquished

Notes
Turn   | Place    | Note
-------+----------+-------------------------------------------
     0 | D:1      | SkeletonJelly the Troll Fighter began the quest for the
                  | Orb.
     0 | D:1      | Reached XP level 1. HP: 22/22 MP: 0/0
    10 | D:1      | You fall into a shaft and drop 1 floor!
    99 | D:2      | Reached XP level 2. HP: 29/29 MP: 1/1
   337 | D:1      | Reached XP level 3. HP: 35/36 MP: 2/2
   736 | D:2      | Found a faded altar of an unknown god.
  1328 | D:3      | Found a sparkling altar of Nemelex Xobeh.
  1415 | D:3      | Found an iron altar of Okawaru.
  1435 | D:3      | Reached XP level 4. HP: 44/44 MP: 3/3
  2122 | D:3      | Reached XP level 5. HP: 50/50 MP: 4/4
  2548 | D:4      | Found a broken altar of Ashenzari.
  2630 | D:4      | Found a staircase to the Ecumenical Temple.
  2644 | Temple   | Entered the Ecumenical Temple
  2702 | Temple   | Became a worshipper of Uskayaw the Reveller
  2724 | D:4      | Reached * piety under Uskayaw
  2760 | D:4      | Reached XP level 6. HP: 59/59 MP: 5/5
  2790 | D:4      | Reached ** piety under Uskayaw
  2825 | D:4      | Slain by an orc

Illustrated notes

Levels and vault maps discovered:
D:1:      dpeg_arrival_rooms_a, layout_basic, lemuel_old_faithful
D:2:      layout_loops_ring, shapermc_ecumenical_altar_starsandcircs
D:3:      layout_loops_ring, lemuel_round_altar, mainiacjoe_overflow_brackets,
          chequers_big_river
D:4:      layout_cave_pods, kennysheep_little_box, minmay_temple_entry_overgrown
Temple:   zaba_magenta_temple

Skill      XL: |  1  2  3  4  5  6 |
---------------+-------------------+-----
Shields        | 3 4 |  4.9
Unarmed Combat | 3 4 |  4.0
Fighting       | |  2.4
Dodging        | |  2.4

Action                   |  1- 3 |  4- 6 || total
-------------------------+-------+-------++-------
Melee: Unarmed           |   122 |   123 ||   245
  Use: Potion            |       |     4 ||     4
 Stab: Sleeping          |     2 |       ||     2
Armor: Robe              |    36 |    48 ||    84
Dodge: Dodged            |    47 |    48 ||    95
Block: Kite shield       |    54 |    47 ||   101

Table legend: (Time is in decaauts)
 A = Elapsed time spent in this place.
 B = Non-inter-level travel time spent in this place.
 C = Inter-level travel time spent in this place.
 D = Time resting spent in this place.
 E = Time spent auto-exploring this place.
 F = Levels seen in this place.
 G = Mean time per level.
                   A        B        C        D        E       F      G
               +--------+--------+--------+--------+--------+-----+--------+
         Total |   2869 |   2737 |    132 |      0 |   2102 |   5 |  573.8 |
       Dungeon |   2793 |   2677 |    116 |      0 |   2052 |   4 |  698.2 |
        Temple |     75 |     59 |     16 |      0 |     50 |   1 |   75.0 |
               +--------+--------+--------+--------+--------+-----+--------+

Top non-repeatable levels by time:
     D:3: 1232 daAuts
     D:2: 692 daAuts
     D:1: 624 daAuts
     D:4: 243 daAuts
  Temple: 75 daAuts
